 Dungeon Sprint DCSS version 0.19.5 (webtiles) character file.

276648 Snowbourne the Ninja (level 12, 33/51 HPs)
             Began as a Spriggan Enchanter on May 12, 2017.
             Was the Champion of Dithmenos.
             Escaped with the Orb!
             The game lasted 00:17:05 (2062 turns).

Snowbourne the Ninja (Spriggan Enchanter)           Turns: 2062, Time: 00:17:05

Health: 33/51      AC:  3    Str:  4    XL:     12   Next: 64%
Magic:  19/19      EV: 37    Int: 17    God:    Dithmenos [******]
Gold:   10         SH:  2    Dex: 21    Spells: 6 memorised, 0 levels left

rFire  . . .     SeeInvis +     k - +2 dagger (speed)
rCold  . . .     Gourm    .     o - +1 robe of the Jabberwock {rCorr Stlth+}
rNeg   . . .     Faith    .     (shield restricted)
rPois  .         Spirit   .     (helmet restricted)
rElec  .         Reflect  +     (no cloak)
rCorr  +         Harm     .     (gloves unavailable)
MR     ++...     NoTele   +     (boots unavailable)
Stlth  +++++++...               s - +2 amulet of reflection
                                (no ring)
                                (no ring)

@: very slightly contaminated, wreathed by umbra, drained, very quick
A: unfitting armour, see invisible, herbivore 3, speed 3, slow metabolism 2
a: Shadow Step, Shadow Form, Renounce Religion
0: Orb of Zot


You escaped.
You worshipped Dithmenos.
Dithmenos was exalted by your worship.
You were full.

You visited 1 branch You collected 1577 gold pieces.
You spent 1546 gold pieces at shops.
You donated 21 gold pieces to Zin.

Inventory:

Hand Weapons
 a - a +1 dagger
 k - a +2 dagger of speed (weapon)
 p - a +1 dagger of freezing
Missiles
 t - a throwing net (quivered)
Armour
 b - a +1 robe
 o - the +1 robe of the Jabberwock (worn) {rCorr Stlth+}
   (You bought it in a shop in the Dungeon)

   It protects you from acid and corrosion.
   It makes you more stealthy.
Jewellery
 s - a +2 amulet of reflection (around neck)
Wands
 u - a wand of slowing (29/48)
Scrolls
 j - a scroll of blinking
 n - 5 scrolls of identify {unknown}
 q - a scroll of enchant weapon {unknown}
 r - a scroll of summoning {unknown}
Potions
 e - 3 potions of curing
 f - a potion of heal wounds
 g - a potion of haste
 h - 2 potions of magic
 i - a potion of berserk rage
 l - a potion of degeneration {unknown}
 m - a potion of might {unknown}
Books
 c - a book of Maledictions

   Spells                             Type                      Level
   a - Corona                         Hexes                        1
   b - Ensorcelled Hibernation        Hexes/Ice                    2
   c - Confuse                        Hexes                        3
   d - Tukima's Dance                 Hexes                        3
   e - Dazzling Spray                 Conjuration/Hexes            3
 w - a book of the Warp

   Spells                             Type                      Level
   a - Gell's Gravitas                Hexes/Translocation          3
   b - Portal Projectile              Translocation                3
   c - Force Lance                    Conjuration/Translocation    4
   d - Dispersal                      Translocation                6
   e - Controlled Blink               Translocation                8
   f - Disjunction                    Translocation                8
Comestibles
 d - a bread ration
 v - 5 fruits


   Skills:
 - Level 11.7(11.4) Short Blades
 - Level 21.5(21.1) Dodging
 O Level 27(26.5) Stealth
 - Level 4.5(4.3) Spellcasting
 - Level 19.1(18.7) Hexes
 + Level 7.6(7.3) Translocations


You couldn't memorise any spells.
You knew the following spells:

 Your Spells              Type           Power        Failure   Level  Hunger
a - Corona                Hex            ######.      0%          1    None
b - Ensorcelled Hibernat  Hex/Ice        #####.       1%          2    ##.....
c - Confuse               Hex            ######..     1%          3    ###....
d - Dazzling Spray        Conj/Hex       #####.       1%          3    ###....
e - Tukima's Dance        Hex            ######..     1%          3    ###....
f - Controlled Blink      Tloc           N/A          100%        8    #######


Dungeon Overview and Level Annotations

Branches:
Dungeon (1/1)

Altars:
Cheibriados
Dithmenos
Elyvilon
Fedhas
Gozag
Hepliaklqana
Kikubaaqudgha
Makhleb
Nemelex Xobeh
Okawaru
Qazlal
Ru
Sif Muna
Trog
Uskayaw
Vehumet
Xom
Yredelemnul
Zin
The Shining One
Jiyva
Lugonu

Shops:
D (?*!?}*![!:?[?*?%([[?

Annotations:
D Tiamat


Innate Abilities, Weirdness & Mutations

You are very small and have problems with some larger weapons.
You are too small for most types of armour.
You have supernaturally acute eyesight. (SInv)
You are a herbivore.
You cover ground extremely quickly.
You need consume almost no food.


Message History

There is an open door here.
Which direction?
You close the door.
An efreet comes into view. It is wielding a scimitar of flaming.
The efreet gestures at you.
The fireball explodes!
The fireball engulfs you!
You emit a cloud of dark smoke.
There is an open door here.
You close the door.
There is an open door here.
There is an open door here.
There is an open door here.
There is an open door here.
There is an open door here.
You see here a giant spiked club.
There is an open door here.
There is an open door here.
There is a staircase leading out of the dungeon here.
You can't go down here!
You have escaped!

##################
#@.#..'..#.)'..#__
#..'..#.)'..#..'..
#..#####'#####'#__
#..####..#...#.###
#..#__####..##§#§§
#..#_____##'#..§§§
#⌠⌠#_.∩...'..._#≈§
####_..__##_.#'##'
#_____###'#(#([


There were no monsters in sight!

Vanquished Creatures
  4 fire giants (D)
  A lorocyproca (D)
  A hydra (D)
  2 centaur warriors (D)
  Sonja (D)
  A deep troll (D)
  7 unseen horrors (D)
  A lindwurm (D)
  8 shining eyes (D)
  An oklob plant (D)
  A gargoyle (D)
  2 kobold demonologists (D)
  4 demonic crawlers (D)
  A hornet (D)
  A slime creature (D)
  2 redbacks (D)
  Sigmund (D)
  A yak (D)
  13 hogs (D)
  7 floating eyes (D)
  7 necrophages (D)
  An ogre (D)
  8 jellies (D)
  Ijyb (D)
  A ballistomycete (D)
  A ballistomycete spore (D)
79 creatures vanquished.

Vanquished Creatures (others)
  A ballistomycete spore (D)
1 creature vanquished.

Grand Total: 80 creatures vanquished

Notes
Turn   | Place    | Note
-------+----------+-------------------------------------------
     0 | D        | Snowbourne the Spriggan Enchanter began the quest for the Orb.
     0 | D        | Reached XP level 1. HP: 9/9 MP: 5/5
     2 | D        | Noticed Ijyb
     4 | D        | Killed Ijyb
     4 | D        | Reached skill level 6 in Stealth
     4 | D        | Reached skill level 5 in Hexes
     4 | D        | Reached XP level 2. HP: 13/13 MP: 5/8
    36 | D        | Learned a level 2 spell: Ensorcelled Hibernation
    37 | D        | Noticed an ogre
    40 | D        | Killed an ogre
    40 | D        | Reached skill level 5 in Dodging
    40 | D        | Reached skill level 9 in Stealth
    40 | D        | Reached XP level 3. HP: 16/16 MP: 10/10
    40 | D        | Reached XP level 4. HP: 21/21 MP: 11/11
    55 | D        | Learned a level 3 spell: Confuse
    59 | D        | Learned a level 3 spell: Dazzling Spray
    63 | D        | Learned a level 3 spell: Tukima's Dance
    64 | D        | Noticed Sigmund
    66 | D        | Killed Sigmund
    66 | D        | Reached skill level 5 in Short Blades
    66 | D        | Reached skill level 12 in Stealth
    66 | D        | Reached XP level 5. HP: 24/24 MP: 12/12
    81 | D        | Found a deep blue altar of Sif Muna.
    83 | D        | Found a radiant altar of Vehumet.
    91 | D        | Reached XP level 6. HP: 28/28 MP: 6/13
   101 | D        | Found Wiez's Distillery.
   101 | D        | Found an ancient bone altar of Kikubaaqudgha.
   101 | D        | Found a hazy altar of Hepliaklqana.
   101 | D        | Found a stormy altar of Qazlal.
   101 | D        | Found a hide-covered altar of Uskayaw.
   101 | D        | Found a blossoming altar of Fedhas.
   101 | D        | Found a bloodstained altar of Trog.
   101 | D        | Found an iron altar of Okawaru.
   101 | D        | Found a basalt altar of Yredelemnul.
   101 | D        | Found a glowing golden altar of the Shining One.
   101 | D        | Found a snail-covered altar of Cheibriados.
   101 | D        | Found a sacrificial altar of Ru.
   101 | D        | Found a glowing silver altar of Zin.
   101 | D        | Found a shadowy altar of Dithmenos.
   101 | D        | Found a white marble altar of Elyvilon.
   101 | D        | Noticed a yak
   102 | D        | Found an opulent altar of Gozag.
   103 | D        | Killed a yak
   103 | D        | Reached skill level 14 in Stealth
   104 | D        | Found a sparkling altar of Nemelex Xobeh.
   111 | D        | Became a worshipper of Zin the Law-Giver
   111 | D        | Reached * piety under Zin
   111 | D        | Reached ** piety under Zin
   111 | D        | Reached *** piety under Zin
   111 | D        | Reached **** piety under Zin
   111 | D        | Reached ***** piety under Zin
   111 | D        | Reached ****** piety under Zin
   120 | D        | Noticed Sonja
   124 | D        | Killed Sonja
   124 | D        | Reached skill level 10 in Dodging
   124 | D        | Reached skill level 16 in Stealth
   124 | D        | Reached skill level 10 in Hexes
   124 | D        | Reached XP level 7. HP: 32/32 MP: 9/14
   138 | D        | Found Lentestri's Weapon Boutique.
   148 | D        | Noticed a shining eye
   148 | D        | Noticed a shining eye
   148 | D        | Noticed a shining eye
   148 | D        | Noticed a shining eye
   148 | D        | Noticed a shining eye
   148 | D        | Noticed a shining eye
   150 | D        | Reached XP level 8. HP: 36/36 MP: 11/15
   151 | D        | Noticed a shining eye
   151 | D        | Noticed a shining eye
   152 | D        | Killed a shining eye
   152 | D        | Reached skill level 17 in Stealth
   155 | D        | Killed a shining eye
   155 | D        | Reached skill level 18 in Stealth
   157 | D        | Reached XP level 9. HP: 39/39 MP: 12/16
   163 | D        | Paralysed by a floating eye for 2 turns
   176 | D        | Killed a shining eye
   176 | D        | Reached skill level 10 in Short Blades
   176 | D        | Reached skill level 19 in Stealth
   181 | D        | Killed a shining eye
   221 | D        | Killed a shining eye
   221 | D        | Reached skill level 20 in Stealth
   260 | D        | Killed a shining eye
   296 | D        | Killed a shining eye
   296 | D        | Reached skill level 21 in Stealth
   296 | D        | Reached XP level 10. HP: 44/44 MP: 6/17
   348 | D        | Killed a shining eye
   364 | D        | Fell from the grace of Zin
   376 | D        | Became a worshipper of Dithmenos the Shadowed
   414 | D        | Found Archits's Magic Scroll Shop.
   414 | D        | Found Hecseteg's Magic Scroll Shoppe.
   414 | D        | Found Tiwker's Gadget Boutique.
   414 | D        | Found Qazuon's General Store.
   476 | D        | Noticed a deep troll
   480 | D        | Killed a deep troll
   490 | D        | Found Hawuph's Armour Emporium.
   498 | D        | Bought the +1 robe of the Jabberwock {rCorr Stlth+} for 211 gold pieces
   593 | D        | Found a burning altar of Makhleb.
   593 | D        | Found a viscous altar of Jiyva.
   593 | D        | Found a shimmering altar of Xom.
   593 | D        | Found a corrupted altar of Lugonu.
   612 | D        | Reached * piety under Dithmenos
   612 | D        | Reached skill level 15 in Dodging
   614 | D        | Reached skill level 22 in Stealth
   651 | D        | Noticed a centaur warrior
   651 | D        | Noticed a centaur warrior
   653 | D        | Killed a centaur warrior
   653 | D        | Reached ** piety under Dithmenos
   654 | D        | Killed a centaur warrior
   654 | D        | Reached skill level 23 in Stealth
   679 | D        | Noticed an oklob plant
   681 | D        | Killed an oklob plant
   689 | D        | Reached *** piety under Dithmenos
   689 | D        | Reached XP level 11. HP: 47/47 MP: 18/18
   714 | D        | Noticed an unseen horror
   714 | D        | Noticed an unseen horror
   720 | D        | Killed an unseen horror
   720 | D        | Reached skill level 24 in Stealth
   726 | D        | Killed an unseen horror
   726 | D        | Reached skill level 15 in Hexes
   812 | D        | Reached **** piety under Dithmenos
   889 | D        | Reached ***** piety under Dithmenos
  1017 | D        | Found Cist's Antique Weapon Boutique.
  1019 | D        | Found Hishey's Antique Armour Emporium.
  1020 | D        | Found Hysmik Lut's Magic Scroll Emporium.
  1045 | D        | Found Gaow's Food Boutique.
  1045 | D        | Found Emudig's Magic Scroll Shoppe.
  1045 | D        | Found Ymulov's Assorted Antiques.
  1045 | D        | Found Akhlosacai's Magic Scroll Emporium.
  1045 | D        | Found Duchuvai's Antique Armour Boutique.
  1045 | D        | Found Tomus's Magic Scroll Shoppe.
  1045 | D        | Found Fualucs's Book Shop.
  1046 | D        | Found Rotuenlu's Distillery.
  1052 | D        | Found Beaneodgh's Antique Armour Boutique.
  1052 | D        | Found Xeifon's Distillery.
  1054 | D        | Found Masul's General Store.
  1114 | D        | Reached ****** piety under Dithmenos
  1115 | D        | Reached skill level 25 in Stealth
  1135 | D        | Noticed a lindwurm
  1139 | D        | Killed a lindwurm
  1250 | D        | Reached skill level 26 in Stealth
  1346 | D        | Noticed a 12-headed hydra
  1348 | D        | Killed a 12-headed hydra
  1406 | D        | Noticed a daeva
  1409 | D        | Noticed an unseen horror
  1409 | D        | Noticed an unseen horror
  1409 | D        | Noticed an unseen horror
  1410 | D        | Noticed an unseen horror
  1412 | D        | Killed an unseen horror
  1413 | D        | Noticed an unseen horror
  1415 | D        | Killed an unseen horror
  1417 | D        | Killed an unseen horror
  1417 | D        | Reached skill level 27 in Stealth
  1417 | D        | Reached XP level 12. HP: 51/51 MP: 14/19
  1425 | D        | Noticed a fire giant
  1426 | D        | Noticed a fire giant
  1426 | D        | Noticed a fire giant
  1426 | D        | Noticed a fire giant
  1427 | D        | Killed a fire giant
  1429 | D        | Killed a fire giant
  1431 | D        | Killed a fire giant
  1433 | D        | Killed a fire giant
  1466 | D        | Noticed Tiamat
  1600 | D        | Bought a book of the Warp for 1170 gold pieces
  1609 | D        | Learned a level 8 spell: Controlled Blink
  1668 | D        | Noticed a lorocyproca
  1673 | D        | Killed a lorocyproca
  1861 | D        | Bought a scroll of blinking for 75 gold pieces
  1863 | D        | Bought a scroll of blinking for 90 gold pieces
  1996 | D        | Got the Orb of Zot
  2062 | D        | Escaped with the Orb!

Skill      XL: |  1  2  3  4  5  6  7  8  9 10 11 12 |
---------------+-------------------------------------+-----
Stealth        | 6 9 12 16 18 21 23 27 | 27.0
Spellcasting   | 4 |  4.5
Hexes          | 5 6 7 8 10 11 13 14 16 19 | 19.1
Short Blades   | 3 5 8 9 11 | 11.7
Dodging        | 5 7 10 11 12 14 16 18 21 | 21.5
Translocations | 7 |  7.6

Action                   |  1- 3 |  4- 6 |  7- 9 | 10-12 || total
-------------------------+-------+-------+-------+-------++-------
Melee: Dagger            |     3 |     4 |   128 |   147 ||   282
 Cast: Ensorcelled Hiber |       |     2 |     1 |    27 ||    30
       Dazzling Spray    |       |       |     3 |     1 ||     4
       Confuse           |       |       |       |     2 ||     2
Invok: Recite            |       |       |     1 |       ||     1
       Renounce Religion |       |       |       |     1 ||     1
       Shadow Step       |       |       |       |     3 ||     3
       Shadow Form       |       |       |       |     2 ||     2
  Use: Scroll            |       |       |       |     2 ||     2
 Stab: Sleeping          |     2 |     4 |     6 |    57 ||    69
       Invisible         |       |       |     2 |       ||     2
       Confused          |       |       |       |     2 ||     2
  Eat: Bread ration      |       |       |       |     1 ||     1
Armor: Robe              |       |       |       |     2 ||     2
Dodge: Dodged            |       |     1 |       |    21 ||    22
